 Dungeon Crawl Stone Soup version 0.24.0-35-gdb84b6a5db (webtiles) character file.

Game seed: 4281276596051848146, levelgen mode: deterministic

812 MisterOstroum the Skirmisher (level 7, -2/50 HPs)
             Began as an Octopode Transmuter on Nov 17, 2019.
             Slain by a sky beast (6 damage)
             ... on level 5 of the Dungeon.
             The game lasted 00:26:16 (6435 turns).

MisterOstroum the Skirmisher (Octopode Transmuter)  Turns: 6435, Time: 00:26:16

Health: -2/50      AC:  1    Str: 16    XL:     7   Next: 93%
Magic:  17/19      EV: 13    Int: 15    God:
Gold:   149        SH:  0    Dex: 14    Spells: 2/10 levels left

rFire    . . .     SeeInvis .     - Unarmed
rCold    . . .     Gourm    .   (no shield)
rNeg     . . .     Faith    .   (helmet restricted)
rPois    .         Spirit   .   (no amulet)
rElec    .         Reflect  .   u - ring of magical power
rCorr    .         Harm     .   v - ring of the Invisible Hand {MR- Str+4 Dex+2 Stlth-}
MR       .....                  (no ring)
Stlth    +++.......             (no ring)
HPRegen  0.16/turn              (no ring)
MPRegen  0.16/turn              (no ring)
                                (no ring)
                                (no ring)

@: no status effects
A: almost no armour, stealthy swim, amphibious, 8 rings, constrict 8, camouflage
1, gelatinous body 1
a: no special abilities


You were on level 5 of the Dungeon.
You were hungry.

You visited 1 branch of the dungeon, and saw 5 of its levels.

You collected 149 gold pieces.

Inventory:

Hand Weapons
 c - a +1 hunting sling
 q - a +0 dagger of protection
 s - a +0 rapier
Missiles
 a - 18 arrows
 d - 150 stones (quivered)
 p - 7 poisoned darts
 t - a sling bullet
Jewellery
 o - an uncursed amulet of the acrobat {unknown}
 u - a ring of magical power (left tentacle)
 v - the ring of the Invisible Hand (right tentacle) {MR- Str+4 Dex+2 Stlth-}
   (You found it on level 5 of the Dungeon)

   [ring of attention]

   It affects your strength (+4).
   It affects your dexterity (+2).
   It affects your resistance to hostile enchantments.
   It makes you less stealthy.
Scrolls
 b - 2 scrolls of teleportation {@r3 !r}
 f - a scroll of immolation {unknown}
 h - a scroll of fear {!r}
 k - 2 scrolls of remove curse {unknown}
 l - 2 scrolls of magic mapping {unknown}
 m - a scroll of enchant weapon
 r - a scroll of blinking {@r4}
Potions
 g - a potion of curing {unknown}
 i - 2 potions of magic {unknown}
 j - 5 potions of heal wounds {unknown}
 n - a potion of might {unknown}
Comestibles
 e - 6 rations
 w - a chunk of flesh


   Skills:
 - Level 5.0 Fighting
 - Level 2.2 Dodging
 + Level 3.9 Stealth
 - Level 3.0 Unarmed Combat
 - Level 2.0 Spellcasting
 - Level 5.0 Transmutations
 * Level 3.8 Ice Magic


You had 2 spell levels left.
You knew the following spells:

 Your Spells              Type           Power        Failure   Level  Hunger
a - Beastly Appendage     Tmut           ###...       2%          1    #......
b - Sticks to Snakes      Tmut           ###.....     4%          2    ###....
c - Confusing Touch       Hex            #.....       22%         1    #......
F - Ice Form              Ice/Tmut       ##......     36%         4    #####..

Your spell library contained the following spells:

 Spells                   Type           Power        Failure   Level  Hunger
 Spider Form              Tmut/Pois      #.........   24%         3    ###....
 Confuse                  Hex            #.......     54%         3    ###....
 Gell's Gravitas          Tloc           #.........   54%         3    ###....
 Petrify                  Tmut/Erth      #.......     61%         4    #####..
 Blade Hands              Tmut           ###.......   61%         5    ######.
 Yara's Violent Unravell  Hex/Tmut       #.........   91%         5    ######.
 Metabolic Englaciation   Hex/Ice        #.........   96%         5    ######.


Dungeon Overview and Level Annotations

Branches:
Dungeon (5/15)
 Temple: D:4-7

Altars:
Elyvilon
Kikubaaqudgha
Trog

Annotations:
D:2 1 exclusion, Sigmund
D:4 exclusion: ogre, Menkaure, Natasha
D:5 exclusions: hippogriff, 3 orcs, orc wizard and quasit


Innate Abilities, Weirdness & Mutations

You cannot wear most types of armour.
You are very stealthy in the water. (Stealth+)
You are amphibious.
You can wear up to eight rings at the same time.
You can use your tentacles to constrict eight enemies at once.
Your skin changes colour to match your surroundings (Stealth+).
Your rubbery body absorbs attacks. (AC +1, EV +1)


Message History

You shoot a sling bullet. The sling bullet hits the jelly!
The jelly is severely wounded.
No target in view!
Firing (i - inventory. (/) - cycle)
t - 8 sling bullets (quivered)
Press: ? - help, Shift-Dir - straight line, f/p - jelly
Aim: a jelly (severely wounded)
You shoot a sling bullet. The sling bullet hits the jelly.
The jelly is almost dead.
Firing (i - inventory. (/) - cycle)
t - 7 sling bullets (quivered)
Press: ? - help, Shift-Dir - straight line, f/p - jelly
Aim: a jelly (almost dead)
You shoot a sling bullet.
The sling bullet barely misses the jelly.
Firing (i - inventory. (/) - cycle)
t - 6 sling bullets (quivered)
Press: ? - help, Shift-Dir - straight line, f/p - jelly
Aim: a jelly (almost dead)
You shoot a sling bullet. The sling bullet hits the jelly.
You kill the jelly!
The sky beast is too close now for your liking.
Firing (i - inventory. (/) - cycle)
t - 5 sling bullets (quivered)
Press: ? - help, Shift-Dir - straight line, f - sky beast
Aim: a sky beast (hasn't noticed you)
You shoot a sling bullet.
The sling bullet barely misses the sky beast.
Firing (i - inventory. (/) - cycle)
t - 4 sling bullets (quivered)
Press: ? - help, Shift-Dir - straight line, f/p - sky beast
Aim: a sky beast You shoot a sling bullet.
The sling bullet hits the sky beast!
The sky beast is moderately wounded.
Firing (i - inventory. (/) - cycle)
t - 3 sling bullets (quivered)
Press: ? - help, Shift-Dir - straight line, f/p - sky beast
Aim: a sky beast (moderately wounded)
You shoot a sling bullet. The sling bullet hits the sky beast.
The sky beast is heavily wounded.
Firing (i - inventory. (/) - cycle)
t - 2 sling bullets (quivered)
Press: ? - help, Shift-Dir - straight line, f/p - sky beast
Aim: a sky beast (heavily wounded)
You shoot a sling bullet. The sling bullet hits the sky beast.
The sky beast is heavily wounded.
v - the ring of the Invisible Hand (right tentacle) {MR- Str+4 Dex+2 Stlth-} You are now empty-tentacled.
You miss the sky beast. You squeeze the sky beast!
The sky beast is almost dead.
The sky beast flickers out of sight!
Deactivating autopickup; reactivate with Ctrl-A.
Something hits you. Something shocks you.
Some of the chunks of flesh in your inventory have rotted away.
A sky beast appears from thin air!
Reactivating autopickup.
You closely miss the sky beast.
You squeeze the sky beast, but do no damage.
The sky beast is severely wounded.
The sky beast misses you.
You closely miss the sky beast.
The sky beast is severely wounded.
The sky beast hits you but does no damage.
You closely miss the sky beast. Your squeeze misses the sky beast.
The sky beast is severely wounded.
The sky beast hits you. The sky beast shocks you.
You tentacle-slap the sky beast. Your squeeze misses the sky beast.
The sky beast is almost dead.
The sky beast flickers out of sight!
Deactivating autopickup; reactivate with Ctrl-A.
Something hits you. Something shocks you.
You miss something. Something hits you. Something shocks you.
Something hits you. Something shocks you. Something barely misses you.
Something hits you.
* * * LOW HITPOINT WARNING * * *
Something shocks you.
* * * LOW HITPOINT WARNING * * *
A sky beast appears from thin air!
Reactivating autopickup.
The sky beast flickers out of sight!
Deactivating autopickup; reactivate with Ctrl-A.
A sky beast appears from thin air!
Reactivating autopickup.
The sky beast flickers out of sight!
Deactivating autopickup; reactivate with Ctrl-A.
A sky beast appears from thin air!
Reactivating autopickup.
The sky beast flickers out of sight!
Deactivating autopickup; reactivate with Ctrl-A.
Okay, then.
Something hits you. Something shocks you.
* * * LOW HITPOINT WARNING * * *
Something hits you.
* * * LOW HITPOINT WARNING * * *
Something shocks you.
* * * LOW HITPOINT WARNING * * *
A sky beast appears from thin air!
Reactivating autopickup.
Casting: Confusing Touch (safe; 22% risk of failure)
Confirm with . or Enter, or press ? or * to list all spells.
You create a snake!
You now have 18 arrows.
You are feeling hungry.
The sky beast hits you.
* * * LOW HITPOINT WARNING * * *
The sky beast shocks you.
You die...

#..##......##.[...#
##..###########....#### ##).##
#.8...... ##..## #...###<.
##...########### #.8.# ##. ####
#...##.........###...# ##
)..#####..###...⌠...........# ##.
##....#...# #.#....≈≈≈......###..
.........## #.##@..≈≈≈......##..#
......##..###.##.YS≈≈≈...####...#
.....####..##.#.)≈≈≈≈≈≈..###...##
)...## ###.#.#.≈.............##
..### ##..#._.....⌠.##...## .#
#..#....##...##..## #
#..########.##..##
##..........#...#
#####..####...##


You could see a sky beast and a friendly adder.

Vanquished Creatures
  An ogre (D:5)
  A phantom (D:4)
  A bullfrog (D:2)
  A crimson imp (D:5)
  A jelly (D:5)
  A hound (D:4)
  A centaur skeleton (D:4)
  An orc wizard (D:3)
  3 worker ants
  A hound skeleton (D:4)
  Robin (D:2)
  4 gnolls
  2 adders
  A shadow imp (D:5)
  An ooze (D:1)
  An adder skeleton (D:4)
  4 dart slugs
  3 leopard geckos
  3 orcs (D:3)
  6 bats
  5 giant cockroaches
  12 goblins
  7 hobgoblins
  3 jackals (D:2)
  3 kobolds
  2 quokkas
  A ball python (D:1)
  A ball python zombie (D:5)
  5 frilled lizards
  8 rats
85 creatures vanquished.

Vanquished Creatures (collateral kills)
  Grinder (D:4)
  An ogre (D:5)
  An iguana (D:4)
  2 gnolls (D:2)
  A goblin (D:3)
  A hobgoblin (D:2)
7 creatures vanquished.

Grand Total: 92 creatures vanquished

Notes
Turn   | Place    | Note
-------+----------+-------------------------------------------
     0 | D:1      | MisterOstroum the Octopode Transmuter began the quest for
                  | the Orb.
     0 | D:1      | Reached XP level 1. HP: 13/13 MP: 3/3
   306 | D:1      | Reached skill level 1 in Stealth
   326 | D:1      | Reached XP level 2. HP: 19/19 MP: 3/5
   333 | D:1      | Learned a level 2 spell: Sticks to Snakes
   617 | D:1      | Reached XP level 3. HP: 20/25 MP: 6/6
  1001 | D:2      | Found a bloodstained altar of Trog.
  1083 | D:2      | Noticed a bullfrog
  1499 | D:2      | Noticed Sigmund
  1512 | D:2      | Noticed Robin
  1535 | D:2      | Reached XP level 4. HP: 24/31 MP: 3/7
  1538 | D:2      | Killed Robin
  2304 | D:2      | Killed a bullfrog
  2304 | D:2      | Reached XP level 5. HP: 25/37 MP: 0/8
  2312 | D:2      | Learned a level 4 spell: Ice Form
  3283 | D:3      | Reached XP level 6. HP: 38/43 MP: 7/9
  3590 | D:4      | Noticed Grinder
  3602 | D:4      | Found a white marble altar of Elyvilon.
  3610 | D:4      | Paralysed by Grinder for 3 turns
  3612 | D:4      | Killed Grinder
  3612 | D:4      | Reached skill level 1 in Ice Magic
  3827 | D:4      | Learned a level 1 spell: Confusing Touch
  3877 | D:4      | Reached skill level 5 in Fighting
  3991 | D:4      | Noticed Natasha
  4042 | D:4      | Reached XP level 7. HP: 12/50 MP: 5/10
  4281 | D:4      | Noticed Menkaure
  5313 | D:5      | Entered Level 5 of the Dungeon
  5506 | D:5      | Noticed a hippogriff
  5532 | D:5      | Got a scorched silver ring
  5533 | D:5      | Identified the ring of the Invisible Hand {MR- Str+4 Dex+2
                  | Stlth-} (You found it on level 5 of the Dungeon)
  5591 | D:5      | Reached skill level 5 in Transmutations
  5953 | D:5      | Found an ancient bone altar of Kikubaaqudgha.
  6435 | D:5      | Slain by a sky beast

Levels and vault maps discovered:
D:1:      wander_arrival_lonely_grave, layout_basic,
          hangedman_abyss_or_decor_stabs
D:2:      layout_basic, nicolae_overflow_crystal_walls, uniq_robin, uniq_sigmund
D:3:      layout_loops_ring, first_ration
D:4:      layout_loops_cross, elyvilon_altar_5, uniq_natasha, uniq_grinder,
          uniq_menkaure
D:5:      layout_cave_pods, kiku_gazebo_pond_becter, serial_column_ruins,
          column_ruins_open_small, column_ruins_open_tiny,
          column_ruins_columns_straight, column_ruins_grid_2,
          column_ruins_grid_4, minmay_manual_moon

Skill      XL: |  1  2  3  4  5  6  7 |
---------------+----------------------+-----
Stealth        | 1 2 3 |  3.9
Fighting       | 2 3 4 5 |  5.0
Transmutations | 3 4 5 |  5.0
Ice Magic      | 1 3 |  3.8
Dodging        | |  2.2
Unarmed Combat | |  3.0
Spellcasting   | |  2.0

Action                   |  1- 3 |  4- 6 |  7- 9 || total
-------------------------+-------+-------+-------++-------
Melee: Unarmed           |    75 |    55 |    59 ||   189
       Constrict         |    21 |     9 |     6 ||    36
       Tentacles         |    16 |    13 |    12 ||    41
       Kick              |     4 |     7 |     3 ||    14
       Punch             |     1 |       |       ||     1
 Fire: Hunting sling     |       |    87 |    41 ||   128
Throw: Stone             |    23 |     3 |     7 ||    33
 Cast: Beastly Appendage |     5 |     4 |     1 ||    10
       Sticks to Snakes  |     3 |    13 |    11 ||    27
       Confusing Touch   |       |     1 |     3 ||     4
  Use: Scroll            |       |     1 |     3 ||     4
 Stab: Sleeping          |     6 |       |       ||     6
       Distracted        |       |       |     1 ||     1
       Confused          |       |       |     1 ||     1
  Eat: Chunk             |     2 |     8 |     2 ||    12
       Ration            |       |       |     2 ||     2
Armor: Skin              |     3 |     2 |     2 ||     7
Dodge: Dodged            |    39 |    30 |    28 ||    97
